 Dungeon Sprint DCSS version 0.31.0-11-ge490571c62 (webtiles) character file.

Game seed: 17545634833927605982

280 boopmooplesden the Cruncher (level 6, -1/85 HPs)
             Began as a Minotaur Gladiator on Feb 4, 2024.
             Was a Priest of Trog.
             Slain by a warg (13 damage)
             ... in the Dungeon (Sprint VII: "The Pits").
             The game lasted 00:00:56 (173 turns).

boopmooplesden the Cruncher (Minotaur Gladiator)     Turns: 173, Time: 00:00:56

Health: -1/85      AC: 12    Str: 20    XL:     6   Next: 5%
Magic:  5/5        EV:  8    Int:  5    God:    Trog [***...]
Gold:   0          SH:  0    Dex: 12    Spells: 5/5 levels left

rFire   . . .        l - +2 quarterstaff (speed)
rCold   . . .        (shield currently unavailable)
rNeg    . . .        r - +2 plate armour
rPois   .            c - +0 hat
rElec   .            (no cloak)
rCorr   .            (no gloves)
SInv    .            (no boots)
Will    .....        (no amulet) Stlth
                     (no ring)
HPRegen 0.34/turn    (no ring)
MPRegen 0.09/turn

%: no teleportation
@: berserking, very quick
A: horns 2, retaliatory headbutt
a: Renounce Religion, Berserk, Trog's Hand


You were in the Dungeon.
You worshipped Trog.
Trog was most pleased with you.
You visited 1 branch

Inventory:

Hand Weapons
 a - a +0 quarterstaff
 l - a +2 quarterstaff of speed (weapon)
 m - a +2 trident
Missiles
 d - 3 throwing nets (quivered)
 e - a javelin
Armour
 b - a +0 leather armour
 c - a +0 hat (worn)
 r - a +2 plate armour (worn)
Scrolls
 k - a scroll of blinking
 o - 2 scrolls of vulnerability
 p - 5 scrolls of amnesia
 q - a scroll of summoning
Potions
 f - 6 potions of curing
 g - 6 potions of heal wounds
 h - a potion of haste
 i - 4 potions of magic
 j - 3 potions of berserk rage
 n - 2 potions of invisibility


   Skills:
 + Level 5.6 Fighting
 + Level 11.2 Staves
 + Level 4.1 Throwing
 + Level 0.5 Armour
 + Level 8.2 Dodging


You had 5 spell levels left.
You didn't know any spells.
Your spell library was empty.

Dungeon Overview and Level Annotations

Branches:
Dungeon (1/1)

Altars:
Cheibriados
Dithmenos
Elyvilon
Fedhas
Gozag
Hepliaklqana
Makhleb
Nemelex Xobeh
Okawaru
Qazlal
Ru
Sif Muna
Trog
Vehumet
Wu Jian
Xom
Yredelemnul
Zin
The Shining One
Jiyva
Lugonu


Innate Abilities, Weirdness & Mutations

You have a pair of horns on your head.
You reflexively headbutt those who attack you in melee.


Message History

The bullfrog is almost dead.
The bullfrog hits you.
You barely miss the bullfrog.
The bullfrog is almost dead.
You hit the bullfrog but do no damage.
The bullfrog is almost dead.
The bullfrog hits you but does no damage.
You closely miss the bullfrog. Your headbutt misses the bullfrog.
The bullfrog is almost dead.
The bullfrog hits you but does no damage.
You sock the bullfrog!
You kill the bullfrog!
Trog accepts your kill.
Your Staves skill increases to level 11!
Your Throwing skill increases to level 4!
Your Dodging skill increases to level 8!
You have reached level 6!
You barely miss the quokka.
You headbutt the quokka, but do no damage.
You miss the quokka. The quokka bites you.
You closely miss the quokka. You miss the quokka. You headbutt the quokka.
You kill the quokka!
Trog accepts your kill. The warg closely misses you.
The orc hits you but does no damage. The warg bites you!
There is an open door, spattered with blood here.
You see here a bullfrog corpse.
You hit the warg. Your headbutt misses the warg.
The warg is lightly wounded.
The orc hits you with a +0 flail. The warg bites you!
You hit the warg but do no damage.
The warg is lightly wounded.
The warg bites you but does no damage.
You see here a hound corpse.
A red film seems to cover your vision as you go berserk!
You feel yourself moving faster!
You feel mighty! The warg bites you!
* * * LOW HITPOINT WARNING * * *
The warg bites you!
You die...

#..........†'.....
#'#####'#####.....
#.#.....#..##.....
#.#.....#))#####'#
#.###'###))##.....
#.#.....#))##.....
#.#.....#.[##.....
#.####)##'###...<.
#@#....)...##.....
#h#........##.....
#o###########.....
#h......# ######
#..#.#..# #.## #
#.. #.# #..


You could see a warg, a wolf and an orc.

Vanquished Creatures
  A glass eye (D)
  A bullfrog (D)
  A hound (D)
  An adder skeleton (D)
  2 giant cockroaches (D)
  A goblin (D)
  A quokka (D)
  A ball python zombie (D)
  A bat (D)
  A frilled lizard (D)
  A kobold (D)
12 creatures vanquished.

Notes
Turn   | Place    | Note
-------+----------+-------------------------------------------
     0 | D        | boopmooplesden the Minotaur Gladiator began the quest for
                  | the Orb.
     0 | D        | Reached XP level 1. HP: 18/18 MP: 0/0
    38 | D        | Found a bloodstained altar of Trog.
    38 | D        | Found a shimmering blue altar of Sif Muna.
    38 | D        | Found a viscous altar of Jiyva.
    38 | D        | Found a hazy altar of Hepliaklqana.
    38 | D        | Found an opulent altar of Gozag.
    39 | D        | Found a glowing golden altar of the Shining One.
    39 | D        | Found a glowing silver altar of Zin.
    39 | D        | Found a basalt altar of Yredelemnul.
    39 | D        | Found a shimmering altar of Xom.
    39 | D        | Found an ornate altar of the Wu Jian Council.
    39 | D        | Found a sacrificial altar of Ru.
    39 | D        | Found a stormy altar of Qazlal.
    39 | D        | Found an iron altar of Okawaru.
    39 | D        | Found a sparkling altar of Nemelex Xobeh.
    39 | D        | Found a burning altar of Makhleb.
    39 | D        | Found a blossoming altar of Fedhas.
    39 | D        | Found a white marble altar of Elyvilon.
    39 | D        | Found a shadowy altar of Dithmenos.
    39 | D        | Found a snail-covered altar of Cheibriados.
    41 | D        | Found a corrupted altar of Lugonu.
    41 | D        | Found a radiant altar of Vehumet.
    42 | D        | Became a worshipper of Trog the Wrathful
    50 | D        | Reached skill level 4 in Staves
    56 | D        | Reached * piety under Trog
    57 | D        | Noticed a glass eye
    73 | D        | Killed a glass eye
    74 | D        | Reached skill level 10 in Staves
    74 | D        | Reached XP level 2. HP: 28/28 MP: 1/1
    74 | D        | Reached XP level 3. HP: 35/35 MP: 2/2
    74 | D        | Reached XP level 4. HP: 41/41 MP: 3/3
    74 | D        | Reached XP level 5. HP: 47/47 MP: 4/4
    80 | D        | Reached ** piety under Trog
    81 | D        | Reached skill level 5 in Fighting
   145 | D        | Noticed a wolf
   147 | D        | Noticed a warg
   163 | D        | Reached *** piety under Trog
   164 | D        | Reached skill level 11 in Staves
   164 | D        | Reached XP level 6. HP: 52/56 MP: 5/5
   173 | D        | Slain by a warg

Illustrated notes

Levels and vault maps discovered:
D:        pitsprint [storerooms_1, entrance_room_1, metal_vault_2, armoury_2,
          mini_pit_1, grid_room_1, main_hall_1, silver_pit, the_coven_3,
          the_vestibule_1, steel_vault_3, golden_pit, hallway_of_sentries,
          crystal_vault_6, iron_vault_4, final_vault]

Skill      XL: |  1  2  3  4  5 |
---------------+----------------+-----
Staves         | 10 11 | 11.2
Dodging        | 7 8 |  8.2
Fighting       | 4 5 |  5.6
Throwing       | 3 4 |  4.1
Armour         | |  0.5

Action                     |  1- 3 |  4- 6 || total
---------------------------+-------+-------++-------
  Melee: Quarterstaff      |    20 |    25 ||    45
         Headbutt          |     3 |     3 ||     6
 Invoke: Berserk           |       |     1 ||     1
 Armour: Leather armour    |     1 |       ||     1
         Plate armour      |       |    17 ||    17
  Dodge: Dodged            |     2 |     5 ||     7
